 Dungeon Crawl Stone Soup version 0.30-a0-339-g89bb51ec76 (webtiles) character file.

Game seed: 4756380034792802101

1892 avis the Cleaver (level 9, -8/75 (85) HPs)
             Began as a Hill Orc Monk on Oct 31, 2022.
             Was a Priest of Beogh.
             Mangled by a troll (11 damage)
             ... on level 6 of the Dungeon.
             The game lasted 00:37:48 (4657 turns).

avis the Cleaver (Hill Orc Monk)                    Turns: 4657, Time: 00:37:49

HP:   -8/75 (85)    AC: 10    Str: 18    XL:     9   Next: 15%
MP:   12/12         EV: 12    Int: 10    God:    Beogh [***...]
Gold: 292           SH:  0    Dex: 13    Spells: 8/8 levels left

rFire   + . .      SeeInvis .    a - +0 hand axe
rCold   . . .      Faith    .    (no shield)
rNeg    . . .      Spirit   .    I - +3 leather armour {rF+}
rPois   .          Reflect  .    G - +0 helmet
rElec   .          Harm     .    (no cloak)
rCorr   .          Rampage  .    (no gloves)
Will    .....                    E - +2 pair of boots {Stlth+}
Stlth   +++.......               i - amulet of regeneration
HPRegen 1.12/turn                (no ring)
MPRegen 0.13/turn                (no ring)

@: heavily drained
A: no striking features
a: Renounce Religion, Smiting


You were on level 6 of the Dungeon.
You worshipped Beogh.
Beogh was most pleased with you.
You visited 1 branch of the dungeon, and saw 6 of its levels.

You collected 292 gold pieces.

Inventory:

Hand Weapons
 a - a +0 hand axe (weapon)
 b - the +5 sling "Death Rattle" {freeze, Str+4 Stlth+}
   (You found it on level 3 of the Dungeon)

   Any ammunition fired from it freezes those it strikes, dealing additional
   cold damage.
   It can also slow down cold-blooded creatures.
   Str:       It affects your strength (+4).
   Stlth:     It makes you more stealthy.
 c - a +0 arbalest
 l - a +0 spear
 m - a +0 spear
 n - a +0 spear
 o - a +0 spear
 r - a +0 spear
 y - a +0 sling
 z - a +3 dagger of draining
 J - a +0 shortbow
 Q - a +2 short sword of electrocution
 S - a +3 flail of draining
 V - a +0 mace of draining
Missiles
 v - 6 poisoned darts (quivered)
 F - a throwing net
 U - a boomerang
Armour
 E - a +2 pair of boots of stealth (worn)
 G - a +0 helmet (worn)
 I - a +3 leather armour of fire resistance (worn)
 R - a +0 chain mail
 W - a +0 plate armour
Magical Staves
 B - a staff of cold
 T - a staff of fire
Jewellery
 i - an amulet of regeneration (around neck)
 q - an amulet of reflection
 K - a ring of magical power
Wands
 g - a wand of quicksilver (4)
 w - a wand of mindburst (11)
 A - a wand of polymorph (10)
Scrolls
 d - 2 scrolls of fear {unknown}
 s - 3 scrolls of butterflies {unknown}
 t - 2 scrolls of blinking {unknown}
 x - a scroll of magic mapping {unknown}
 C - a scroll of enchant armour {unknown}
 H - a scroll of torment {unknown}
 N - a scroll of immolation {unknown}
 P - 2 scrolls of teleportation {unknown}
Potions
 e - 2 potions of curing {unknown}
 f - a potion of degeneration {unknown}
 h - a potion of flight {unknown}
 j - 2 potions of cancellation {unknown}
 k - 2 potions of might {unknown}
 p - a potion of attraction {unknown}
 u - 2 potions of lignification {unknown}
 D - a potion of mutation {unknown}
 L - a potion of heal wounds {unknown}
 M - a potion of berserk rage {unknown}
 O - a potion of brilliance {unknown}
 X - a potion of invisibility {unknown}


   Skills:
 - Level 10.0 Fighting
 + Level 10.7 Axes
 - Level 2.4 Dodging
 - Level 1.6 Stealth
 - Level 5.0 Invocations


You had 8 spell levels left.
You didn't know any spells.
Your spell library contained the following spells:

 Spells                   Type           Power      Damage    Failure   Level
 Gell's Gravitas          Tloc           0%         N/A       80%         3
 Lesser Beckoning         Tloc           0%         N/A       80%         3
 Summon Guardian Golem    Hex/Summ       0%         N/A       80%         3
 Teleport Other           Tloc           0%         N/A       80%         3
 Orb of Destruction       Conj           0%         9d5       100%        7
 Spellforged Servitor     Conj/Summ      0%         N/A       100%        7
 Chain Lightning          Conj/Air       0%         N/A       100%        9
 Fire Storm               Conj/Fire      0%         5d1       100%        9
 Shatter                  Erth           0%         3d5*      100%        9


Dungeon Overview and Level Annotations

Branches:
Dungeon (6/15)
 Temple: D:4-7

Altars:
Hepliaklqana
Ru


Message History

The white imp gestures at you. The puff of frost hits you!
Fire: b) +5 sling "Death Rattle" {freeze, Str+4 Stlth+}
Press: ? - help, Q - select action, (/) - cycle Shift-Dir - straight line, f/p - troll
Aim: a troll (66% to hit)
You shoot a sling bullet. The sling bullet hits the white imp.
You kill the white imp!
Beogh accepts your kill.
Unknown command.
Fire: b) +5 sling "Death Rattle" {freeze, Str+4 Stlth+}
Press: ? - help, Q - select action, (/) - cycle Shift-Dir - straight line, f/p - troll
Aim: a troll (66% to hit)
You shoot a sling bullet. The sling bullet hits the troll.
The sling bullet freezes the troll.
The troll is lightly wounded.
The troll bites you. The troll closely misses you. The troll barely misses you.
The troll bites you! The troll claws you!
* * * LOW HITPOINT WARNING * * *
The troll barely misses you.
Okay, then.
Okay, then.
The +5 sling "Death Rattle" {freeze, Str+4 Stlth+} stops glowing.
a - a +0 hand axe (weapon)
You hit the troll.
The troll is moderately wounded.
The troll bites you but does no damage. The troll claws you!
* * * LOW HITPOINT WARNING * * *
The troll claws you but does no damage.
You hit the troll.
The troll is moderately wounded.
The troll bites you but does no damage. The troll claws you but does no damage.
The troll claws you!
* * * LOW HITPOINT WARNING * * *
Unknown command.
You barely miss the troll.
The troll is moderately wounded.
You hit the troll.
The troll is heavily wounded.
The troll bites you!
You die...

### # #.########
#......o.. #.########
#.#......# #........#
###############.######
#.).T@................
#.###)................
#.#...########.......#
#.#.### #..##...#
#.#'### #...+...#
###.....# #.###...#
+.......# #.# ###<#
###.....# ###'#######
#...### #.......#.#


You could see a troll.

Vanquished Creatures
  Eustachio (D:4)
  A water moccasin (D:6)
  Duvessa (D:4)
  2 orc warriors
  An ogre (D:6)
  An ice beast (D:6)
  A centaur (D:4)
  2 necrophages
  A scorpion (D:5)
  4 wights (D:6)
  Dowan (D:4)
  A howler monkey (D:5)
  3 jellies
  5 hounds
  4 orc priests
  Jessica (D:3)
  3 iguanas (D:5)
  An orc wizard (D:5)
  3 gnolls (D:2)
  An adder (D:5)
  A white imp (D:6)
  2 ufetubi (D:5)
  3 worms
  3 dart slugs
  15 orcs
  6 ball pythons
  3 endoplasms
  A giant cockroach (D:3)
  A goblin (D:2)
  4 hobgoblins
  2 jackals (D:5)
  4 quokkas
  6 bats
  A frilled lizard (D:3)
  7 kobolds
  3 rats (D:1)
100 creatures vanquished.

Vanquished Creatures (collateral kills)
  3 orcs (D:6)
3 creatures vanquished.

Vanquished Creatures (others)
  An adder (D:4)
  3 orcs
4 creatures vanquished.

Grand Total: 107 creatures vanquished

Notes
Turn   | Place    | Note
-------+----------+-------------------------------------------
     0 | D:1      | avis the Hill Orc Monk began the quest for the Orb.
     0 | D:1      | Reached XP level 1. HP: 19/19 MP: 1/1
   256 | D:1      | You fall into a shaft and drop 1 floor!
   281 | D:2      | Reached XP level 2. HP: 27/27 MP: 2/2
   457 | D:2      | Reached skill level 5 in Axes
   457 | D:2      | Reached XP level 3. HP: 3/33 MP: 3/3
  1175 | D:1      | Reached XP level 4. HP: 39/41 MP: 4/4
  1575 | D:3      | Identified the +5 sling "Death Rattle" {freeze, Str+4
                  | Stlth+}
  1575 | D:3      | Noticed Jessica
  1623 | D:3      | Killed Jessica
  1889 | D:3      | Identified the +7 dagger "Newtbane" {pain, Stlth+}
  2044 | D:4      | Noticed Duvessa
  2044 | D:4      | Noticed Dowan
  2205 | D:4      | Reached XP level 5. HP: 47/47 MP: 5/5
  2215 | D:4      | Became a worshipper of Beogh the Brigand
  2215 | D:4      | Reached * piety under Beogh
  2215 | D:4      | Reached ** piety under Beogh
  2228 | D:4      | Reached skill level 5 in Fighting
  2331 | D:4      | Found a hazy altar of Hepliaklqana.
  2382 | D:4      | Noticed a centaur
  2533 | D:4      | Noticed Eustachio
  2548 | D:4      | Killed Eustachio
  2549 | D:4      | Reached XP level 6. HP: 57/57 MP: 6/6
  2771 | D:4      | Killed Duvessa
  2774 | D:4      | Killed Dowan
  2775 | D:4      | Reached XP level 7. HP: 39/64 MP: 7/7
  2943 | D:5      | Entered Level 5 of the Dungeon
  3369 | D:5      | Reached XP level 8. HP: 67/75 MP: 8/8
  3495 | D:5      | Reached skill level 1 in Invocations
  4064 | D:6      | Reached skill level 10 in Fighting
  4096 | D:6      | Reached *** piety under Beogh
  4226 | D:6      | Reached skill level 10 in Axes
  4226 | D:6      | Reached XP level 9. HP: 68/72 MP: 12/12
  4232 | D:6      | Found a sacrificial altar of Ru.
  4412 | D:6      | Reached skill level 5 in Invocations
  4634 | D:6      | Noticed a troll
  4655 | D:6      | HP: 1/75 [troll (9)]
  4657 | D:6      | Mangled by a troll

Illustrated notes

Levels and vault maps discovered:
D:1:      scummos_arrival_checkerplants, layout_rooms
D:2:      layout_loops_cross
D:3:      layout_rooms, uniq_jessica
D:4:      layout_loops_cross, nzn_hepliaklqana_mist_gate, uniq_duvessa,
          uniq_eustachio
D:5:      layout_basic, kennysheep_small_spiral, serial_park_tiny_pond,
          minmay_misc_feat_tower, st_stairs_10
D:6:      minmay_angry_zag, layout_basic, mainiacjoe_overflow_alcove_2,
          nicolae_qazlal_style_of_elements

Skill      XL: |  1  2  3  4  5  6  7  8  9 |
---------------+----------------------------+-----
Fighting       | 4 6 8 10 | 10.0
Axes           | 5 6 7 8 10 | 10.7
Invocations    | 4 5 |  5.0
Dodging        | |  2.4
Stealth        | |  1.6

Action                   |  1- 3 |  4- 6 |  7- 9 || total
-------------------------+-------+-------+-------++-------
Melee: Hand axe          |    93 |    36 |    44 ||   173
       Punch             |     1 |       |       ||     1
 Fire: Sling             |    31 |    82 |   192 ||   305
Throw: Dart              |       |       |     2 ||     2
Invok: Convert to Beogh  |       |     1 |       ||     1
  Use: Potion            |       |       |     2 ||     2
 Stab: Sleeping          |     3 |       |       ||     3
Armor: Robe              |     4 |       |       ||     4
       Leather armour    |    18 |     7 |    79 ||   104
       Ring mail         |       |    11 |       ||    11
Dodge: Dodged            |    51 |    33 |   149 ||   233

Table legend: (Time is in decaauts)
 A = Elapsed time spent in this place.
 B = Non-inter-level travel time spent in this place.
 C = Inter-level travel time spent in this place.
 D = Time resting spent in this place.
 E = Time spent auto-exploring this place.
 F = Levels seen in this place.
 G = Mean time per level.
                   A        B        C        D        E       F      G
               +--------+--------+--------+--------+--------+-----+--------+
         Total |   4774 |   4395 |    379 |    474 |   2356 |   6 |  795.7 |
       Dungeon |   4774 |   4395 |    379 |    474 |   2356 |   6 |  795.7 |
               +--------+--------+--------+--------+--------+-----+--------+

Top non-repeatable levels by time:
     D:2: 1048 daAuts
     D:4: 962 daAuts
     D:6: 928 daAuts
     D:5: 795 daAuts
     D:1: 591 daAuts
     D:3: 448 daAuts
